woodfighter, chaotic female orcish Cavewoman # -------.---- ------- |.....*....| |*....| DDDDD |..........| |.....| DDDDDD| |.)........| ###############%############......| DDD D=@####(####|..........| # -------------- |.....| DDDDDD| #--.--------- ### ###.............| -|---.- DDDDDD ######## # |............| ^ ## DDDDD # ### #..............# # ## # ###--------------# ### --.--- # # # |<..*-################ # ## |.[..| # ### ----|---- |.....######## # |.......| |....| ##)|.......| ------ #[.((.>..| --------- woodfighter the Cave Woman Experience level: 13 Strength: 18/20 Dexterity: 18 Constitution: 18 Intelligence: 9 Wisdom: 10 Charisma: 9 Health: 0(113) Energy: 50(50) Def: 27 Gold: 0 Moves: 27232 Dungeon seed: q-mmKUZDray0hYx- Game ID: woodfighter_1488151893 Your Inventory: Amulets S - an uncursed amulet of flying (being worn) Weapons a - a +1 club (weapon in hand) K - 5 +0 dwarvish spears (in quiver) Armor e - a blessed +4 shield of reflection (being worn) z - an uncursed +0 pair of leather gloves (being worn) D - an uncursed +0 robe (being worn) N - a blessed greased +5 gray dragon scale mail (being worn) R - an uncursed +0 orcish helm (being worn) Y - an uncursed +0 pair of jumping boots (being worn) Comestibles d - 6 uncursed food rations C - 2 uncursed tripe rations Z - an uncursed lizard corpse Scrolls L - an uncursed scroll of teleportation Rings J - a blessed +2 ring of protection (on right hand) V - an uncursed ring of searching (on left hand) Wands u - a wand of lightning (0:4) B - a wand of digging (0:4) G - a wand of teleportation (0:3) Tools q - a +0 unicorn horn s - an uncursed oilskin sack v - a +0 pick-axe y - an uncursed skeleton key W - an uncursed towel Gems A - an uncursed luckstone Contents of the oilskin sack: an uncursed +0 mummy wrapping an uncursed C-ration an uncursed K-ration an uncursed lizard corpse a [uncursed] potion of object detection Spells and supernatural/magical abilities: Name Level Category Fail Memory S - stone to flesh 3 healing 100% 66% W - pray for help -- divine ? -- Y - supernatural jump -- ability ? -- Your skills at the end: Miscellaneous Skills bare handed combat [Basic] stealth [Basic] Weapon Skills scimitar [Basic] club [Expert] spear [Basic] sling [Basic] Spellcasting Skills Final Attributes: You were piously aligned. You were cold resistant. You were sleep resistant. You were poison resistant. You were magic-protected. You were blinded. Your writing hand was ok. You saw invisible. You were telepathic. You had automatic searching. You had infravision. You were invisible to others. You were somewhat stealthy. You could jump. You could fly. You were protected. You were fast. You had reflection. You were very lucky. You had extra luck. Bad luck did not time out for you. Good luck did not time out for you. You are dead. Vanquished creatures: Medusa a young blue dragon 2 titanotheres 2 vampire lords a captain a lich 2 water trolls a nurse 2 lurkers above 2 golden nagas a vampire 4 ghosts 2 queen bees a mind flayer 2 giant mimics 2 ice trolls 5 rock trolls a flesh golem 2 large mimics a wumpus a baby long worm 2 long worms a couatl a stalker 3 air elementals a fire elemental 2 earth elementals a water elemental a black naga 3 elf-lords 4 wargs a winter wolf 5 quantum mechanics 5 small mimics a glass piercer a xan 3 ettin mummies an ogre lord 3 trolls 3 sasquatches a wood golem a djinni 2 large dogs 2 freezing spheres a flaming sphere 4 shocking spheres 2 large cats 5 tigers a gargoyle 2 tengu 3 gelatinous cubes 3 ochre jellies a crocodile a chameleon 3 leocrottas 2 energy vortices an elf mummy 8 Grey-elves 3 pit vipers a python 3 wraiths a leather golem a succubus 6 giant beetles 2 cockatrices 8 wolves 3 black lights a lynx 2 panthers 3 quivering blobs 2 spotted jellies 4 lizards 2 mumakil 2 giant spiders 3 scorpions 2 iron piercers a horse 3 vampire bats a forest centaur 4 gnome kings 3 orc mummies 3 dwarf mummies 3 brown puddings 3 rust monsters 5 owlbears a yeti a gold golem a werewolf 4 piranhas 2 giant eels 3 chickatrices 2 dogs 4 dingos a housecat 4 jaguars 4 dwarf lords 3 water nymphs a gray unicorn 2 dust vortices 5 ravens 4 plains centaurs 2 gnome mummies 4 Woodland-elves 5 snakes 4 apes 4 soldier ants 6 fire ants 3 yellow lights 18 bugbears an imp a baby crocodile 2 wood nymphs a Mordor orc 4 rock moles 4 rock piercers 2 fog clouds 5 violet fungi 16 gnome lords 8 gnomish wizards 4 kobold mummies a golden naga hatchling 2 guardian naga hatchlings 2 gray oozes a barrow wight 3 elf zombies 2 ghouls a straw golem 6 jellyfish 12 giant ants 5 puppies 4 floating eyes a kitten 19 dwarves 2 homunculi a kobold lord a kobold shaman 5 iguanas 9 hill orcs 5 rothes 2 rabid rats 2 centipedes 4 jitterbugs a giant bat 2 orc zombies 14 dwarf zombies 5 wererats a werejackal 47 killer bees 3 coyotes a gas spore 6 hobbits 4 acid blobs 3 large kobolds 2 geckos 27 hobgoblins 8 giant rats 4 cave spiders 2 brown molds 4 yellow molds 3 green molds 4 red molds 61 gnomes 5 garter snakes 20 manes 4 gnome zombies 17 jackals 7 kobolds 17 newts 13 goblins 18 sewer rats 11 grid bugs 3 bats 9 lichens 4 kobold zombies 753 creatures vanquished. Voluntary challenges: You did not cause conflict. You were not displaced. You used a wielded weapon 1809 times, starting on turn 1. You did not use plumbed fixtures. You read items or engraved 7 times, starting on turn 2360. You never genocided any monsters. You never polymorphed an object. You changed form 1 time, starting on turn 9614. You cheated 1 time but completed Sokoban on turn 6099. You used 1 wish, starting on turn 14779. You did not wish for any artifacts. You never split a pudding. You never wrote Elbereth's name. You never violated your personal moral code. Dungeon overview: The Dungeons of Doom: levels 1 to 25 Level 1 (vault) a fountain a long staircase Level 2 Level 3 an altar to Anu Level 4 stairs to The Gnomish Mines Level 5 many fountains Level 6 stairs to Sokoban Level 7 some fountains Level 8 Level 9 a fountain Level 10 (vault) some fountains Level 11 (quest) a magic portal Level 12 (vault?) an altar to Anu, a fountain Level 13 Level 14 Level 15 (rogue) Level 16 (vault) a fountain Level 17 a temple to Anu Level 18 a wand shop, a fountain Level 19 Level 20 (blue dragon hall) <- You were here Level 21 (vault) a fountain Level 22 (medusa) Level 23 Level 24 Level 25 The Gnomish Mines: levels 5 to 12 Level 5 stairs to The Dungeons of Doom Level 6 Level 7 Level 8 (locked box, bottom right) many shops, a temple to Anshar, a magic chest, some trees Level 9 Level 10 Level 11 Level 12 a magic chest, some fountains Sokoban: levels 2 to 5 Level 2 a magic chest Level 3 a delicatessen, a magic chest Level 4 a fountain Level 5 an altar to Anshar, a magic chest stairs to The Dungeons of Doom History has recorded: On T:1 you entered the Dungeons of Doom to retrieve the Amulet of Yendor! On T:35 you reached level 2 of The Dungeons of Doom. On T:594 you advanced to experience level 2. On T:618 you reached level 3 of The Dungeons of Doom. On T:895 you reached level 4 of The Dungeons of Doom. On T:1065 you advanced to experience level 3. On T:1298 you reached level 1 of The Gnomish Mines. On T:1417 you reached level 5 of The Dungeons of Doom. On T:1620 you advanced to experience level 4. On T:1909 you reached level 6 of The Dungeons of Doom. On T:1998 you reached level 4 of Sokoban. On T:2019 you opened a magic chest. On T:2156 you advanced to experience level 5. On T:2740 you reached level 3 of Sokoban. On T:3233 you reached level 2 of Sokoban. On T:3567 you reached level 1 of Sokoban. On T:3787 you advanced to experience level 6. On T:4082 you reached level 2 of The Gnomish Mines. On T:4215 you reached level 3 of The Gnomish Mines. On T:4234 you reached level 4 of The Gnomish Mines. On T:4267 you entered the Minetown temple On T:4326 you advanced to experience level 7. On T:4642 you prayed to Anshar. On T:4667 you reached level 5 of The Gnomish Mines. On T:6080 you advanced to experience level 8. On T:6099 you entered the Sokoban zoo. On T:7538 you prayed to Anshar. On T:8327 you reached level 6 of The Gnomish Mines. On T:8444 you advanced to experience level 9. On T:9067 you reached level 7 of The Gnomish Mines. On T:9586 you reached level 8 of The Gnomish Mines. On T:9586 you reached the bottom of the Mines. On T:11178 you reached level 7 of The Dungeons of Doom. On T:11358 you reached level 8 of The Dungeons of Doom. On T:11943 you prayed to Anshar. On T:12487 you reached level 9 of The Dungeons of Doom. On T:12864 you reached level 10 of The Dungeons of Doom. On T:12995 you reached level 11 of The Dungeons of Doom. On T:13364 you reached level 12 of The Dungeons of Doom. On T:13386 you reached level 13 of The Dungeons of Doom. On T:14007 you advanced to experience level 10. On T:14158 you prayed to Anshar. On T:14779 you wished for "+3 blessed fixed greased gray dragon scale mail". On T:15603 you reached level 14 of The Dungeons of Doom. On T:16132 you reached level 15 of The Dungeons of Doom. On T:16132 you entered the Rogue tribute level. On T:16261 you reached level 16 of The Dungeons of Doom. On T:16789 you reached level 17 of The Dungeons of Doom. On T:17566 you advanced to experience level 11. On T:17625 you reached level 18 of The Dungeons of Doom. On T:18180 you reached level 19 of The Dungeons of Doom. On T:18554 you reached level 20 of The Dungeons of Doom. On T:19016 you reached level 21 of The Dungeons of Doom. On T:19099 you prayed to Anshar. On T:21110 you reached level 22 of The Dungeons of Doom. On T:21187 you prayed to Anshar. On T:21443 you reached level 23 of The Dungeons of Doom. On T:21612 you killed Medusa on level 23 of The Dungeons of Doom. On T:22374 you advanced to experience level 12. On T:22686 you prayed to Anshar. On T:22798 you prayed to Anshar. On T:23090 you advanced to experience level 13. On T:24221 you reached level 24 of The Dungeons of Doom. On T:24862 you reached level 25 of The Dungeons of Doom. On T:26373 you prayed to Anshar. Score breakdown: Gold: 0 ( 0 points) Experience: 13 levels ( 1200 points) Exploration: 25 levels ( 720 points) Discoveries: 53 items ( 2000 points) Variety of kills: 174 monsters ( 2000 points) Major goal: Sokoban/Mines ( 1500 points) Survival: died (score multiplied by 3) Total score: 22260 Latest messages: The blast of lightning hits the ancient blue dragon. The blast of lightning hits the young blue dragon. You hit the young blue dragon. The young blue dragon bites! The young blue dragon claws you! The young blue dragon misses. The blast of lightning misses the young blue dragon. The blast of lightning hits you! For some reason you are not affected. The blast of lightning hits the young blue dragon. The blast of lightning hits the ancient blue dragon. The blast of lightning misses the young blue dragon. You hit the young blue dragon. The young blue dragon bites! The young blue dragon claws you! (2x) You kill the young blue dragon! L - a scroll. You try to feel what is lying here on the floor. There is an open door here. You feel here a young blue dragon corpse. The blast of lightning whizzes by you! The young blue dragon bites! The young blue dragon claws you! The young blue dragon misses. The ancient blue dragon bites! The ancient blue dragon claws you! (2x) You die... Final status: Goodbye woodfighter the Cavewoman, killed by an ancient blue dragon... You died in The Dungeons of Doom on dungeon level 20 with 22260 points, and 0 pieces of gold, after 27232 moves. You were level 13 with a maximum of 113 hit points when you died.